Map: Ulrena

Players

Theo - Winner!

  • Race: Protoss Protoss

Dayshi

  • Race: Terran Terran
  • League: Grandmaster

VOD

Have the link to the VOD?

Description

Time

  • Played on: Dec. 12, 2015, 6:56 p.m.
  • Length: 26:26
Show
View Real Time Build Order
Export as new Build Order

Theo Protoss - Winner!

Build Orders: 1 Gate Expand, Oracle Opening 

Get SALT Encoding   

  12  0:00  Probe (Chrono Boost)  
  13  0:11  Probe (Chrono Boost)  
  14  0:20  Pylon  
  14  0:22  Probe (Chrono Boost)  
  15  0:38  Probe (Chrono Boost)  
  15  0:42  Gateway  
  16  0:49  Probe (Chrono Boost)  
  18  1:07  Nexus  
  18  1:11  Probe (Chrono Boost)  
  18  1:18  Assimilator  
  18  1:22  Probe (Chrono Boost)  
  18  1:25  Assimilator  
  19  1:34  Cybernetics Core  
  19  1:37  Probe (Chrono Boost)  
  20  1:47  Probe (Chrono Boost)  
  21  1:58  Probe (Chrono Boost)  
  22  2:20  Mothership Core (Chrono Boost), Probe (Chrono Boost), Adept  
  27  2:27  Pylon  
  27  2:30  Probe (Chrono Boost)  
  28  2:38  Probe (Chrono Boost)  
  28  2:41  Probe (Chrono Boost)  
  28  2:43  Stargate  
  30  2:48  Probe (Chrono Boost)  
  30  2:50  Adept  
  34  2:51  Probe (Chrono Boost)  
  34  2:59  Probe (Chrono Boost)  
  34  3:02  Probe (Chrono Boost)  
  36  3:06  Pylon  
  36  3:09  Probe (Chrono Boost)  
  36  3:12  Probe (Chrono Boost)  
  36  3:18  Adept  
  38  3:20  Probe (Chrono Boost)  
  38  3:22  Probe (Chrono Boost)  
  40  3:29  Oracle (Chrono Boost)  
  40  3:30  Probe  
  40  3:32  Probe  
  45  3:38  Pylon  
  45  3:42  Probe  
  45  3:43  Probe  
  45  3:45  Adept  
  45  3:46  Pylon  
  49  3:53  Probe  
  49  3:55  Probe  
  51  3:58  Assimilator  
  51  3:59  Warp Gate  
  51  4:00  Oracle (Chrono Boost)  
  54  4:03  Probe  
  54  4:07  Probe  
  56  4:13  Adept  
  56  4:14  Probe  
  59  4:19  Probe  
  59  4:21  Assimilator  
  59  4:22  Pylon  
  60  4:24  Probe  
  60  4:25  Robotics Facility  
  60  4:31  Probe  
  62  4:38  Probe  
  62  4:40  Pylon, Phoenix (Chrono Boost)  
  62  4:43  Probe  
  66  4:47  Sentry  
  66  4:49  Probe  
  69  4:55  Probe  
  69  4:57  Nexus  
  69  4:59  Probe  
  70  5:02  Phoenix (Chrono Boost)  
  62  5:22  Probe x2  
  62  5:23  Phoenix (Chrono Boost)  
  66  5:32  Probe  
  66  5:33  Robotics Bay  
  66  5:34  Probe  
  68  5:37  Robotics Facility  
  68  5:39  Forge  
  68  5:43  Probe  
  68  5:46  Probe  
  70  6:05  Pylon  
  70  6:07  Probe  
  70  6:08  Probe, Phoenix (Chrono Boost)  
  70  6:09  Pylon  
  74  6:16  Probe  
  74  6:17  Phoenix (Chrono Boost)  
  75  6:18  Probe  
  75  6:19  Disruptor (Chrono Boost)  
  75  6:20  Assimilator  
  75  6:21  Probe  
  75  6:22  Assimilator  
  75  6:24  Disruptor (Chrono Boost)  
  83  6:27  Phoenix  
  83  6:28  Probe  
  83  6:30  Probe  
  87  6:33  Probe, Photon Cannon  
  87  6:37  Photon Cannon  
  88  6:42  Photon Cannon  
  88  6:45  Photon Cannon  
  88  6:46  Probe x2, Pylon  
  90  6:49  Pylon  
  90  6:51  Photon Cannon  
  90  6:53  Disruptor (Chrono Boost)  
  93  6:55  Disruptor (Chrono Boost), Pylon  
  93  6:56  Phoenix  
  98  7:18  Phoenix  
  100  7:24  Disruptor (Chrono Boost)  
  100  7:26  Disruptor (Chrono Boost), Pylon  
  106  7:30  Pylon  
  106  7:32  Protoss Shields Level 1  
  106  7:36  Pylon  
  106  7:38  Pylon  
  106  7:44  Photon Cannon  
  106  7:46  Photon Cannon  
  106  7:50  Photon Cannon  
  106  7:52  Phoenix, Photon Cannon  
  106  7:55  Disruptor (Chrono Boost), Photon Cannon  
  106  7:57  Photon Cannon  
  111  7:59  Pylon  
  111  8:07  Disruptor (Chrono Boost)  
  111  8:12  Oracle  
  114  8:14  Photon Cannon  
  114  8:15  Photon Cannon  
  114  8:16  Photon Cannon  
  114  8:19  Photon Cannon  
  117  8:20  Photon Cannon  
  117  8:26  Disruptor (Chrono Boost)  
  120  8:30  Nexus  
  120  8:33  Fleet Beacon  
  120  8:45  Phoenix  
  123  8:55  Disruptor (Chrono Boost)  
  123  8:57  Disruptor (Chrono Boost)  
  126  9:06  Phoenix  
  126  9:09  Pylon  
  126  9:13  Pylon  
  126  9:15  Protoss Air Weapons Level 1 (Chrono Boost)  
  126  9:17  Pylon  
  126  9:27  Photon Cannon  
  126  9:28  Photon Cannon  
  126  9:29  Pylon, Phoenix, Photon Cannon  
  128  9:40  Anion Pulse-Crystals  
  128  9:42  Disruptor (Chrono Boost)  
  128  9:45  Disruptor (Chrono Boost)  
  134  9:54  Pylon, Stargate  
  134  9:56  Pylon  
  134  9:58  Photon Cannon  
  134  9:59  Pylon  
  134  10:00  Pylon, Photon Cannon  
  134  10:01  Photon Cannon  
  134  10:03  Pylon, Photon Cannon  
  134  10:06  Pylon  
  134  10:12  Disruptor  
  134  10:19  Probe  
  134  10:21  Probe x2  
  138  10:22  Probe, Photon Cannon  
  138  10:24  Photon Cannon  
  138  10:25  Twilight Council  
  138  10:26  Phoenix, Photon Cannon  
  138  10:27  Assimilator  
  141  10:31  Assimilator  
  141  10:35  Photon Cannon  
  141  10:36  Photon Cannon  
  141  10:38  Phoenix  
  143  10:48  Phoenix  
  143  11:05  Photon Cannon  
  138  11:16  Pylon  
  137  11:19  Pylon  
  137  11:23  Pylon  
  137  11:26  Pylon, Photon Cannon  
  137  11:29  Pylon, Photon Cannon  
  137  11:31  Probe, Photon Cannon  
  138  11:33  Photon Cannon  
  138  11:35  Tempest x2, Stargate  
  138  11:40  Templar Archives  
  138  11:42  Protoss Air Weapons Level 2 (Chrono Boost)  
  146  11:53  Cybernetics Core  
  146  12:07  Photon Cannon  
  143  12:13  Photon Cannon  
  143  12:14  Tempest  
  137  12:15  Disruptor  
  144  12:29  Tempest  
  143  12:32  Tempest  
  143  12:36  Protoss Air Armor Level 1 (Chrono Boost)  
  149  12:51  Psionic Storm  
  149  12:56  Tempest  
  153  13:03  Warp Prism  
  155  13:09  Gravitic Drive  
  155  13:19  Nexus, Tempest  
  159  13:21  Probe x2  
  159  13:22  Probe, Pylon  
  159  13:24  Pylon  
  162  13:29  Pylon  
  162  13:39  Tempest  
  166  13:41  High Templar  
  166  13:46  Gateway  
  168  13:49  Probe  
  168  13:54  Gateway  
  169  13:56  Gateway  
  169  14:02  Photon Cannon  
  169  14:03  Photon Cannon  
  169  14:07  Tempest x2  
  171  14:51  Tempest x3  
  163  15:03  High Templar  
  165  15:12  Protoss Air Weapons Level 3  
  165  15:14  Protoss Air Armor Level 2  
  165  15:24  High Templar  
  167  15:34  Tempest  
  171  15:40  Pylon  
  171  15:42  Pylon x2  
  171  15:43  Pylon x2  
  171  15:45  Pylon  
  171  15:46  High Templar  
  171  15:47  High Templar  
  173  16:10  High Templar  
  175  16:13  Photon Cannon x2  
  175  16:15  Photon Cannon  
  175  16:19  Assimilator  
  175  16:21  Assimilator  
  175  16:26  Nexus  
  175  16:27  Pylon x2  
  175  16:28  Pylon  
  175  16:29  Pylon, Stargate  
  175  16:31  Tempest x2  
  183  16:32  Pylon  
  183  16:34  Pylon x2  
  181  16:45  Tempest  
  183  16:50  Pylon  
  183  16:53  Pylon  
  183  16:54  Pylon  
  183  16:56  Pylon  
  181  17:08  Pylon  
  181  17:27  Photon Cannon  
  181  17:28  Assimilator x2  
  181  17:37  Photon Cannon  
  181  17:39  Photon Cannon  
  181  17:40  Tempest, Photon Cannon  
  181  17:43  Photon Cannon  
  181  17:44  Tempest  
  151  18:07  Tempest  
  144  18:16  Tempest  
  144  18:18  High Templar x2  
  144  18:22  Nexus  
  144  18:25  Tempest (Chrono Boost)  
  148  18:27  Photon Cannon  
  148  18:29  Pylon  
  148  18:32  Pylon  
  148  18:47  Protoss Air Armor Level 3, High Templar  
  150  18:54  Zealot  
  152  18:56  Photon Cannon  
  152  18:57  Photon Cannon  
  152  18:59  Tempest (Chrono Boost), Photon Cannon  
  152  19:02  Tempest (Chrono Boost)  
  160  19:03  Oracle (Chrono Boost)  
  160  19:05  Photon Cannon  
  160  19:08  Tempest (Chrono Boost)  
  167  19:22  High Templar x2  
  171  19:25  Photon Cannon  
  171  19:26  Photon Cannon  
  171  19:35  Oracle (Chrono Boost)  
  171  19:38  Oracle (Chrono Boost)  
  175  19:56  Probe, Tempest (Chrono Boost), Photon Cannon  
  175  19:58  Photon Cannon  
  184  20:01  Tempest (Chrono Boost)  
  184  20:02  Photon Cannon  
  184  20:10  Tempest (Chrono Boost)  
  188  20:18  Tempest (Chrono Boost)  
  192  20:33  Tempest (Chrono Boost)  
  200  20:44  Tempest (Chrono Boost)  
  200  20:50  Pylon  
  200  20:53  Pylon  
  188  21:22  Tempest x2 (Chrono Boost)  
  188  21:37  High Templar x2  
  192  21:50  Mothership Core  
  194  21:55  Photon Cannon  
  194  21:56  Photon Cannon x2  
  194  21:57  Photon Cannon  
  194  21:59  Photon Cannon  
  194  22:01  Photon Cannon x2  
  194  22:04  Photon Cannon  
  194  22:06  Photon Cannon  
  194  22:07  Zealot x2, Photon Cannon  
  198  22:08  Photon Cannon  
  198  22:09  Photon Cannon  
  198  22:11  Pylon  
  198  22:21  Protoss Shields Level 2  
  198  22:23  Pylon  
  196  22:34  Tempest (Chrono Boost)  
  200  22:59  Pylon  
  200  23:02  Pylon  
  200  23:08  Photon Cannon  
  200  23:10  Photon Cannon  
  200  23:12  Nexus  
  200  23:14  Pylon  
  200  23:15  Pylon  
  200  23:16  Pylon  
  200  23:18  Pylon x2  
  200  23:19  Tempest (Chrono Boost)  
  200  23:45  Nexus  
  200  24:08  Photon Cannon  
  200  24:09  Photon Cannon  
  200  24:11  Photon Cannon  
  200  24:13  Photon Cannon  
  200  24:15  Photon Cannon  
  200  24:16  Photon Cannon  
  200  24:19  Photon Cannon  
  200  24:21  Photon Cannon  
  200  24:23  Photon Cannon  
  196  24:26  Photon Cannon  
  182  24:32  Tempest (Chrono Boost)  
  182  24:33  Tempest (Chrono Boost), Archon x2  
  174  24:44  Photon Cannon x2  
  174  24:45  Photon Cannon x2  
  174  24:47  Photon Cannon  
  174  24:48  Photon Cannon  
  174  24:49  Photon Cannon, High Templar x4  
  174  24:50  Photon Cannon  
  174  24:51  Photon Cannon  
  178  25:13  Pylon  
  178  25:14  Pylon  
  178  25:17  Tempest x2 (Chrono Boost)  
  178  25:19  Photon Cannon  
  178  25:20  Photon Cannon  
  178  25:21  Tempest (Chrono Boost)  
  194  25:22  Photon Cannon  
  194  25:23  Tempest (Chrono Boost), Photon Cannon  
  194  25:48  Zealot x3  
Show
View Real Time Build Order
Export as new Build Order

Dayshi Terran 

Build Orders: Liberator Opening, MMM Bio 

Get SALT Encoding   

  12  0:01  SCV  
  13  0:13  SCV  
  14  0:17  Supply Depot  
  14  0:25  SCV  
  15  0:39  SCV  
  15  0:41  Barracks  
  16  0:44  Refinery  
  16  0:51  SCV  
  17  1:03  SCV  
  18  1:15  SCV  
  19  1:28  Barracks Reactor, Orbital Command  
  19  1:41  Command Center  
  19  1:50  Supply Depot  
  19  1:54  SCV  
  20  2:03  Marine x2  
  20  2:06  SCV  
  23  2:15  Factory  
  23  2:21  SCV, Marine x2  
  26  2:25  Refinery  
  26  2:33  SCV  
  27  2:39  Marine x2  
  29  2:46  SCV  
  30  2:53  Orbital Command  
  30  2:57  Marine x2  
  30  2:58  SCV  
  33  2:59  Factory Tech Lab  
  33  3:06  Starport  
  33  3:16  Marine x2  
  35  3:20  SCV  
  34  3:27  Liberator  
  34  3:32  SCV, Siege Tank  
  34  3:33  SCV, Marine  
  34  3:34  Marine  
  41  3:39  Supply Depot  
  44  3:50  SCV x2  
  46  4:00  Marine x2  
  48  4:03  Supply Depot  
  48  4:04  SCV x2  
  50  4:10  Siege Tank  
  53  4:18  Supply Depot  
  53  4:20  Barracks  
  53  4:24  Refinery  
  53  4:26  SCV  
  53  4:28  SCV  
  55  4:35  Engineering Bay  
  55  4:40  Medivac  
  55  4:41  Marine x2  
  59  4:46  SCV x2  
  59  4:50  Supply Depot  
  61  4:58  SCV x2  
  61  5:13  Marine  
  61  5:14  Marine  
  57  5:15  Cyclone  
  51  5:23  SCV x2, Barracks Tech Lab  
  51  5:24  Terran Infantry Weapons Level 1  
  51  5:28  Missile Turret  
  47  5:29  Missile Turret, Barracks  
  47  5:31  Marine x2  
  47  5:35  SCV x2  
  51  5:42  Bunker  
  51  5:43  Stimpack, Marauder  
  51  5:47  SCV x2, Siege Tank  
  58  5:50  Refinery  
  57  5:58  Marine x2  
  57  5:59  SCV x2, Starport Reactor  
  57  6:04  Barracks  
  61  6:07  Barracks  
  61  6:11  SCV  
  61  6:12  Reaper  
  61  6:15  Marine  
  61  6:16  Marine  
  65  6:19  Supply Depot, Barracks Tech Lab  
  65  6:21  Siege Tank  
  65  6:24  SCV  
  69  6:33  Marine x2  
  69  6:35  Medivac x2  
  69  6:37  Combat Shields  
  75  6:41  Marauder  
  75  6:42  Supply Depot  
  75  6:46  Supply Depot, Marauder  
  79  6:50  Barracks Reactor  
  79  6:51  Marine x2  
  81  6:54  Barracks Tech Lab  
  81  7:00  Siege Tank  
  84  7:06  Marauder  
  84  7:07  Marauder  
  88  7:09  Marine x2  
  88  7:12  Marine  
  91  7:24  Medivac  
  91  7:27  Marine x3  
  91  7:28  Marine  
  91  7:29  Terran Infantry Armor Level 1  
  97  7:30  Marine x3  
  97  7:35  Supply Depot  
  100  7:39  Supply Depot  
  100  7:40  SCV  
  101  7:45  Marine x3  
  101  7:46  Marine  
  101  7:47  Marine  
  101  7:48  Marine x2  
  99  8:08  Command Center  
  99  8:11  SCV x2  
  101  8:15  Command Center  
  101  8:18  Armory  
  101  8:22  Engineering Bay  
  101  8:27  SCV x2  
  101  8:29  Supply Depot  
  101  8:30  Marauder  
  101  8:33  Marauder  
  107  8:35  Marine  
  107  8:39  Marauder  
  107  8:40  Marine  
  109  8:42  SCV  
  108  8:53  Marauder, Marine x2  
  112  8:56  SCV  
  112  8:57  SCV  
  112  8:58  Missile Turret  
  114  9:08  SCV, Marine, Marauder  
  114  9:09  SCV  
  119  9:19  Marauder x2  
  119  9:20  SCV  
  119  9:22  Orbital Command  
  124  9:24  SCV  
  125  9:34  Marauder, Marine x2  
  129  9:39  Orbital Command  
  129  9:40  Marauder  
  129  9:47  Terran Infantry Weapons Level 2, Terran Infantry Armor Level 2  
  129  9:49  Terran Ship Weapons Level 1  
  129  9:56  Command Center  
  129  9:57  SCV  
  129  9:59  SCV x2  
  119  10:08  Marine  
  119  10:09  Marauder x3  
  119  10:10  Marine  
  119  10:13  Marine x2  
  129  10:17  SCV x3  
  132  10:22  Missile Turret  
  132  10:26  Marine  
  133  10:28  Missile Turret  
  133  10:29  Marine  
  133  10:30  Marauder x3  
  133  10:31  Marine x2  
  142  10:44  Marine  
  142  10:47  Marine  
  142  10:49  Marine x2  
  146  10:51  Marauder x2  
  146  10:52  Marauder  
  145  11:02  Marine  
  134  11:05  Marine  
  134  11:10  Marine  
  134  11:11  Marine  
  135  11:13  Marauder x3  
  135  11:15  Missile Turret, Orbital Command  
  139  11:18  Refinery  
  139  11:20  Refinery, Marine  
  139  11:23  Armory, Starport  
  133  11:25  Starport, Fusion Core  
  133  11:26  Starport  
  133  11:27  SCV x4  
  133  11:29  Refinery  
  137  11:34  Marauder x2  
  141  11:43  Command Center  
  141  11:47  Marine  
  141  11:48  Marauder  
  141  11:53  Terran Ship Weapons Level 2  
  144  11:56  Marauder  
  144  12:00  Starport Tech Lab  
  146  12:04  Refinery  
  146  12:14  Marine  
  146  12:15  Marine x2, Marauder x2  
  144  12:17  Starport Tech Lab, Marauder  
  144  12:18  Starport Tech Lab x2  
  144  12:20  Behemoth Reactor  
  144  12:22  Marine  
  146  12:25  SCV x5  
  149  12:32  Marine x2  
  149  12:33  Marine  
  149  12:35  Marine  
  149  12:36  Marine  
  151  12:37  SCV  
  151  12:40  Marine x2  
  147  12:45  Missile Turret  
  147  12:50  Marine x2  
  143  12:53  Missile Turret  
  142  13:04  Refinery  
  154  13:07  Refinery  
  154  13:11  Orbital Command  
  154  13:12  Missile Turret  
  154  13:17  Terran Vehicle And Ship Armor Level 1  
  154  13:19  Weapon Refit  
  154  13:23  Battlecruiser x3  
  160  13:27  Battlecruiser  
  166  13:39  Starport  
  166  13:40  Starport  
  166  13:50  Command Center  
  166  14:03  Sensor Tower  
  166  14:05  Command Center  
  166  14:07  Missile Turret  
  166  14:14  Starport  
  166  14:15  Starport  
  166  14:17  Starport  
  166  14:25  Starport Tech Lab x2  
  166  14:27  Liberator x6  
  131  15:15  Starport Tech Lab  
  131  15:16  Starport Tech Lab  
  128  15:22  Marine x4  
  128  15:27  Battlecruiser x4  
  128  15:28  Battlecruiser  
  161  15:34  Battlecruiser  
  161  15:35  Marine x3  
  163  15:39  Marine  
  162  15:46  Starport Tech Lab  
  162  15:49  Battlecruiser  
  168  15:51  Battlecruiser  
  168  15:54  Orbital Command  
  174  15:57  Orbital Command  
  174  16:02  Terran Vehicle And Ship Armor Level 2, Liberator  
  174  16:08  Terran Ship Weapons Level 3  
  174  16:14  Liberator x2  
  174  16:18  Marine x6  
  177  16:20  Refinery x2  
  183  16:32  Liberator x2  
  182  16:40  Liberator  
  186  16:59  SCV x2  
  186  17:00  SCV  
  188  17:05  Refinery  
  188  17:07  Refinery  
  188  17:10  Battlecruiser  
  194  17:19  Liberator x3  
  191  17:24  Liberator  
  191  17:28  Missile Turret  
  191  17:33  Missile Turret  
  191  17:36  Missile Turret  
  191  17:37  Missile Turret  
  198  17:42  Liberator x3  
  111  18:21  Battlecruiser x2  
  111  18:24  Marine x4  
  128  18:28  Marauder x3  
  127  18:42  Marine x4  
  127  18:47  Barracks x2  
  130  18:48  Terran Infantry Weapons Level 3, Barracks, Marine  
  130  18:49  Marine x2  
  130  18:51  Barracks  
  130  18:52  SCV  
  133  18:59  Marine  
  133  19:00  Marine x3  
  146  19:07  Marauder x3  
  146  19:12  Battlecruiser  
  146  19:13  Battlecruiser  
  157  19:24  Battlecruiser  
  157  19:27  Marine x4  
  157  19:28  Marauder x2  
  157  19:29  Marauder  
  170  19:44  Marine  
  170  19:45  Marine x3  
  173  19:49  Marine x2  
  173  19:50  Marauder  
  185  20:02  Marine  
  185  20:03  Marine x7, Orbital Command  
  193  20:07  Marine  
  193  20:09  Marauder  
  193  20:10  Marine  
  191  20:15  Battlecruiser  
  191  20:20  Marine  
  191  20:21  Marine x2  
  194  20:25  Battlecruiser  
  200  20:56  Marine  
  198  20:59  Medivac x2  
  179  21:16  Marine x3  
  179  21:17  Marine x7  
  143  21:31  Battlecruiser  
  143  21:32  Battlecruiser x3  
  159  21:34  Marine x4  
  159  21:35  Marine x3  
  159  21:36  Marine x4  
  172  21:51  Marine  
  172  21:52  Marine x3  
  172  21:53  Marine x7  
  181  22:06  Command Center  
  179  22:09  Marine  
  179  22:10  Marine x3  
  179  22:11  Marine x7  
  183  22:27  Marine x2  
  183  22:28  Marine x3  
  183  22:29  Marine x4  
  179  22:31  Marine x2  
  155  22:39  Viking x4  
  155  22:41  Viking  
  160  22:45  Marine x3  
  160  22:46  Marine x2  
  160  22:47  Marine x2  
  160  22:50  Viking x3  
  166  22:55  Marine x4  
  165  23:08  Viking, Marine x2  
  165  23:09  Viking, Marine x3  
  165  23:10  Marine  
  175  23:16  Viking x2  
  179  23:23  Viking  
  179  23:25  Marine x2  
  179  23:26  Marine  
  182  23:29  Marine  
  182  23:30  Marauder  
  182  23:31  Marine  
  186  23:37  Marine x2  
  186  23:38  Marine  
  190  23:41  Viking x2  
  190  23:46  Viking  
  194  23:51  Viking x2  
  194  23:53  Marine  
  199  24:01  Marine  
  200  24:13  Viking  
  200  24:14  Viking  
  198  24:19  Marine x2  
  198  24:20  Marine  
  198  24:22  Marine  
  198  24:23  Marine  
  184  24:25  Viking  
  149  24:32  Marauder  
  149  24:33  Marine  
  109  24:39  Marine  
  96  24:46  Marine  
  96  24:51  Marine  
  88  25:07  Marine  
  88  25:08  Marauder  
  88  25:09  Marauder, Marine x3  
  88  25:10  Marauder  
  88  25:13  Marine  
  99  25:15  Marine  
  99  25:16  Marine  
  99  25:21  Marine  
  101  25:25  Marine  
  101  25:26  Marine  
  101  25:27  Marine x2  
  94  25:29  Marauder  
  94  25:30  Marine  
  94  25:31  Marine x2  
  94  25:33  Marine  
  94  25:34  Marine  
  97  25:40  Marine  
  97  25:43  Marine  
  97  25:44  Marine  
  97  25:45  Marine x2  
  97  25:48  Marine x2  
  97  25:49  Marine  
  103  25:50  Marine  
  103  25:51  Marine  
  103  25:53  Marine  
  105  25:59  Marine  
  105  26:00  Marine  
  105  26:03  Marine  
Tags
 
Add a new tag
Caveats
  • Supply blocks, unpowered buildings, or Contaminate may cause inaccurate times.
  • Supply counts are checked every 10 seconds.